 Dungeon Sprint DCSS version 0.30-a0-949-g53dc5368d7 (webtiles) character file.

Game seed: 7329924907165959841

2166 retardedninja the Severer (level 9, -7/86 HPs)
             Began as a Minotaur Fighter on Mar 27, 2023.
             Was a Believer of Trog.
             Mangled by a white ugly thing (14 damage)
             ... in the Dungeon (Sprint IX: "|||||||||||||||||||||||||||||").
             The game lasted 00:01:31 (833 turns).

retardedninja the Severer (Minotaur Fighter)         Turns: 833, Time: 00:01:32

Health: -7/86      AC: 15    Str: 25    XL:     9   Next: 10%
Magic:  8/8        EV: 10    Int:  5    God:    Trog [**....]
Gold:   0          SH:  7    Dex: 16    Spells: 8/8 levels left

rFire   . . .      SeeInvis .    a - +0 war axe
rCold   . . .      Faith    .    c - +0 buckler
rNeg    . . .      Spirit   .    p - +1 chain mail
rPois   .          Reflect  .    (helmet restricted)
rElec   .          Rampage  .    m - +0 cloak
rCorr   .          NoTele   +    (no gloves)
Will    .....                    (no boots) Stlth
                                 (no amulet)
HPRegen 0.34/turn                n - +3 ring of dexterity
MPRegen 0.11/turn                o - +3 ring of dexterity

@: no status effects
A: horns 2, retaliatory headbutt
a: Renounce Religion, Berserk, Trog's Hand


You were in the Dungeon.
You worshipped Trog.
Trog was pleased with you.
You visited 1 branch

Inventory:

Hand Weapons
 a - a +0 war axe (weapon)
Armour
 c - a +0 buckler (worn)
 m - a +0 cloak (worn)
 p - a +1 chain mail (worn)
Jewellery
 n - a +3 ring of dexterity (left hand)
 o - a +3 ring of dexterity (right hand)
Wands
 l - a wand of light (5)
Scrolls
 j - 2 scrolls of blinking
Potions
 d - a potion of might
 e - 4 potions of curing
 g - a potion of haste
 h - 4 potions of magic
 k - a potion of invisibility


   Skills:
 + Level 10.9 Fighting
 * Level 15.2 Axes
 + Level 12.6 Armour
 + Level 2.9 Dodging
 + Level 1.5 Stealth
 + Level 11.0 Shields
 + Level 1.4 Evocations


You had 8 spell levels left.
You didn't know any spells.
Your spell library was empty.

Dungeon Overview and Level Annotations

Branches:
Dungeon (1/1)

Altars:
Cheibriados
Dithmenos
Elyvilon
Fedhas
Gozag
Hepliaklqana
Kikubaaqudgha
Makhleb
Nemelex Xobeh
Okawaru
Qazlal
Ru
Sif Muna
Trog
Uskayaw
Vehumet
Wu Jian
Xom
Yredelemnul
Zin
The Shining One
Jiyva
Lugonu


Innate Abilities, Weirdness & Mutations

You have a pair of horns on your head.
You reflexively headbutt those who attack you in melee.


Message History

Your Axes skill increases to level 14!
Your Armour skill increases to level 11!
Your Evocations skill increases to level 1!
Unknown command.
The efreet hits you but does no damage.
The cyclops throws a large rock.
The large rock hits the efreet!!
The efreet dies!
Your Armour skill increases to level 12!
There is an open door here.
You see here a +4 scimitar of flaming.
You completely miss the cyclops.
You headbutt the cyclops, but do no damage.
The cyclops is almost dead.
The cyclops is no longer blind.
You hit the cyclops.
The cyclops is almost dead.
The cyclops hits you but does no damage.
You slash the cyclops!
You kill the cyclops!
Trog accepts your kill.
Your Axes skill increases to level 15!
Your Shields skill increases to level 11!
You have reached level 9!
Your experience leads to an increase in your attributes!
Your base attributes are Str 23, Int 5, Dex 10.
Increase (S)trength, (I)ntelligence, or (D)exterity?
You feel stronger. x2
You block the white ugly thing's attack.
You see here 4 large rocks.
You barely miss the white ugly thing.
Your headbutt misses the white ugly thing.
The white ugly thing claws you!
* * * LOW HITPOINT WARNING * * *
The white ugly thing freezes you!
* * * LOW HITPOINT WARNING * * *
The howler monkey hoots and howls with incredible vigour!
You feel better. The white ugly thing claws you.
* * * LOW HITPOINT WARNING * * *
The white ugly thing freezes you!
You die...

▓.▓
▓.▓
▓.▓
▓.▓
▓.▓
▓.▓
▓'▓
▓)▓
▓@▓
▓u▓
▓h▓
▓.▓
▓.▓
▓+▓


You could see a white ugly thing and a howler monkey.

Vanquished Creatures
  A cyclops (D)
  A kobold demonologist (D)
  A troll (D)
  A yak (D)
  A wraith (D)
  A vampire mosquito (D)
  An orc warrior (D)
  A howler monkey (D)
  A hound (D)
  A jelly (D)
  An iguana (D)
  2 adders (D)
  A bat (D)
  An endoplasm (D)
  A kobold (D)
  A quokka (D)
  A goblin (D)
18 creatures vanquished.

Vanquished Creatures (others)
  A hydra (D)
  An efreet (D)
2 creatures vanquished.

Grand Total: 20 creatures vanquished

Notes
Turn   | Place    | Note
-------+----------+-------------------------------------------
     0 | D        | retardedninja the Minotaur Fighter began the quest for the
                  | Orb.
     0 | D        | Reached XP level 1. HP: 19/19 MP: 0/0
    10 | D        | Reached skill level 3 in Axes
    25 | D        | Noticed a jelly
    25 | D        | Noticed an iguana
    25 | D        | Noticed a hound
    28 | D        | Killed a jelly
    29 | D        | Reached skill level 5 in Fighting
    29 | D        | Reached skill level 4 in Axes
    29 | D        | Reached skill level 5 in Armour
    29 | D        | Reached skill level 5 in Shields
    29 | D        | Reached XP level 2. HP: 18/29 MP: 1/1
    29 | D        | Reached XP level 3. HP: 22/36 MP: 2/2
    32 | D        | Reached skill level 5 in Axes
    35 | D        | Reached XP level 4. HP: 22/44 MP: 3/3
    39 | D        | Reached skill level 6 in Axes
   345 | D        | Found a snail-covered altar of Cheibriados.
   345 | D        | Found a shadowy altar of Dithmenos.
   345 | D        | Found a white marble altar of Elyvilon.
   345 | D        | Found a blossoming altar of Fedhas.
   345 | D        | Found an opulent altar of Gozag.
   346 | D        | Found a hazy altar of Hepliaklqana.
   347 | D        | Found a viscous altar of Jiyva.
   348 | D        | Found an ancient bone altar of Kikubaaqudgha.
   349 | D        | Found a corrupted altar of Lugonu.
   350 | D        | Found a burning altar of Makhleb.
   351 | D        | Found a sparkling altar of Nemelex Xobeh.
   352 | D        | Found an iron altar of Okawaru.
   353 | D        | Found a stormy altar of Qazlal.
   354 | D        | Found a sacrificial altar of Ru.
   355 | D        | Found a shimmering blue altar of Sif Muna.
   356 | D        | Found a bloodstained altar of Trog.
   357 | D        | Found a hide-covered altar of Uskayaw.
   358 | D        | Found a radiant altar of Vehumet.
   359 | D        | Found an ornate altar of the Wu Jian Council.
   360 | D        | Found a shimmering altar of Xom.
   361 | D        | Found a basalt altar of Yredelemnul.
   362 | D        | Found a glowing silver altar of Zin.
   363 | D        | Found a glowing golden altar of the Shining One.
   364 | D        | Became a worshipper of Trog the Wrathful
   372 | D        | Found the +12 glaive of Prune {freeze, Prune}
   412 | D        | Noticed a vampire mosquito
   412 | D        | Noticed a troll
   412 | D        | Noticed a yak
   412 | D        | Noticed a kobold demonologist
   412 | D        | Noticed an orc warrior
   417 | D        | Reached XP level 5. HP: 51/51 MP: 4/4
   420 | D        | Killed a vampire mosquito
   421 | D        | Reached skill level 8 in Axes
   421 | D        | Reached XP level 6. HP: 56/61 MP: 5/5
   425 | D        | Killed a troll
   425 | D        | Reached * piety under Trog
   426 | D        | Reached skill level 10 in Axes
   426 | D        | Reached skill level 1 in Dodging
   429 | D        | Noticed a chaos spawn
   430 | D        | Killed a yak
   431 | D        | Reached skill level 11 in Axes
   431 | D        | Reached XP level 7. HP: 50/70 MP: 6/6
   443 | D        | Noticed a red devil
   453 | D        | HP: 4/105 [red devil/+0 vampiric demon trident[a kobold
                  | demonologist] (7)]
   455 | D        | Killed a kobold demonologist
   455 | D        | Reached ** piety under Trog
   456 | D        | Reached skill level 12 in Axes
   456 | D        | Reached skill level 10 in Armour
   456 | D        | Reached skill level 10 in Shields
   460 | D        | Reached skill level 1 in Stealth
   819 | D        | Noticed a six-headed hydra
   819 | D        | Noticed an efreet
   819 | D        | Noticed a wraith
   819 | D        | Noticed a cyclops
   819 | D        | Noticed a white ugly thing
   824 | D        | Killed a wraith
   825 | D        | Reached skill level 10 in Fighting
   825 | D        | Reached skill level 13 in Axes
   825 | D        | Reached XP level 8. HP: 26/79 MP: 7/7
   825 | D        | Killed a seven-headed hydra
   826 | D        | Reached skill level 14 in Axes
   826 | D        | Reached skill level 1 in Evocations
   826 | D        | Killed an efreet
   830 | D        | Killed a cyclops
   831 | D        | Reached skill level 15 in Axes
   831 | D        | Reached XP level 9. HP: 25/86 MP: 8/8
   832 | D        | HP: 1/86 [white ugly thing (16)]
   833 | D        | Mangled by a white ugly thing

Illustrated notes

Levels and vault maps discovered:
D:        linesprint [early_d, line_temple, items_1, d_10, items_2, lair_1,
          lair_end, items_3, orc_1, orc_end, items_4, d_15, swamp_1, shoals_1,
          snake_1, spider_1, d_20, vaults_1, items_5, swamp_end, shoals_end,
          snake_end, spider_end, vaults_end, d_27, items_6, zot_1, zot_end,
          crypt_end, forest_end, elf_end, slime_end, tomb_end, abyss_end,
          pan_hell_end]

Skill      XL: |  1  2  3  4  5  6  7  8 |
---------------+-------------------------+-----
Fighting       | 5 6 8 9 10 | 10.9
Armour         | 5 6 7 9 10 12 | 12.6
Shields        | 5 6 7 8 9 10 11 | 11.0
Axes           | 4 5 6 8 11 13 15 | 15.2
Dodging        | 1 2 |  2.9
Stealth        | 1 |  1.5
Evocations     | 1 |  1.4

Action                     |  1- 3 |  4- 6 |  7- 9 || total
---------------------------+-------+-------+-------++-------
  Melee: War axe           |    18 |    25 |    31 ||    74
         Headbutt          |     4 |     6 |     5 ||    15
  Evoke: Wand              |       |       |     5 ||     5
    Use: Potion            |       |     1 |     4 ||     5
 Armour: Scale mail        |     6 |     5 |       ||    11
         Chain mail        |       |     8 |    39 ||    47
  Dodge: Dodged            |     7 |    15 |    23 ||    45
  Block: Buckler           |     7 |     5 |    21 ||    33

Table legend: (Time is in decaauts)
 A = Elapsed time spent in this place.
 B = Non-inter-level travel time spent in this place.
 C = Inter-level travel time spent in this place.
 D = Time resting spent in this place.
 E = Time spent auto-exploring this place.
 F = Levels seen in this place.
 G = Mean time per level.
                   A        B        C        D        E       F      G
               +--------+--------+--------+--------+--------+-----+--------+
         Total |    850 |    850 |      0 |    661 |     43 |   1 |  850.0 |
       Dungeon |    850 |    850 |      0 |    661 |     43 |   1 |  850.0 |
               +--------+--------+--------+--------+--------+-----+--------+

Top non-repeatable levels by time:
       D: 850 daAuts
